 Dungeon Crawl Stone Soup version 0.29-a0-283-ga02f740833 (webtiles) character file.

Game seed: 4582900908224576479

9025 YayAnonymity the Covert (level 11, -18/50 HPs)
             Began as a Spriggan Enchanter on Mar 13, 2022.
             Was a Believer of Dithmenos.
             Killed from afar by a deep elf pyromancer (23 damage)
             ... with a bolt of fire
             ... on level 11 of the Dungeon.
             The game lasted 00:36:22 (14184 turns).

YayAnonymity the Covert (Spriggan Enchanter)       Turns: 14184, Time: 00:36:23

Health: -18/50     AC:  7    Str:  4    XL:     11   Next: 17%
Magic:  9/19       EV: 21    Int: 21    God:    Dithmenos [**....]
Gold:   644        SH:  0    Dex: 16    Spells: 15/20 levels left

rFire   . . .      SeeInvis +   a - +3 dagger (flame)
rCold   + . .      Faith    .   (no shield)
rNeg    . . .      Spirit   .   N - +0 troll leather armour
rPois   +          Reflect  .   k - +2 hat
rElec   .          Harm     .   j - +0 cloak
rCorr   .          Rampage  .   (gloves unavailable)
Will    +....                   (boots unavailable)
Stlth   +++++++...              (no amulet)
HPRegen 0.96/turn               q - ring of protection from cold
MPRegen 0.16/turn               D - ring of poison resistance

@: wreathed by umbra, very quick
A: very small, no large weapons, unfitting armour, see invisible, speed 3
a: Renounce Religion, Shadow Step


You were on level 11 of the Dungeon.
You worshipped Dithmenos.
Dithmenos was pleased with you.
You visited 2 branches of the dungeon, and saw 12 of its levels.

You collected 644 gold pieces.

Inventory:

Hand Weapons
 a - a +3 dagger of flaming (weapon)
 b - a +2 falchion of electrocution
Missiles
 h - 3 boomerangs
 r - 252 stones (quivered)
 A - 23 poisoned darts
 H - 2 silver boomerangs
Armour
 j - a +0 cloak (worn)
 k - a +2 hat (worn)
 N - a +0 troll leather armour (worn)
Jewellery
 q - a ring of protection from cold (left hand)
 s - a ring of protection from fire
 D - a ring of poison resistance (right hand)
Wands
 n - a wand of flame (36)
 B - a wand of polymorph (9)
 E - a wand of iceblast (2)
 K - a wand of mindburst (4)
Scrolls
 g - a scroll of silence
 i - a scroll of vulnerability
 p - 3 scrolls of identify
 t - a scroll of fear
 u - a scroll of blinking
 y - a scroll of enchant armour
 F - a scroll of amnesia
 G - a scroll of brand weapon
 J - a scroll of enchant weapon
 L - a scroll of fog
Potions
 c - 2 potions of invisibility
 d - 2 potions of mutation
 e - 2 potions of haste
 f - 4 potions of heal wounds
 l - 5 potions of attraction
 m - a potion of ambrosia
 o - 2 potions of berserk rage
 v - 9 potions of curing
 w - 2 potions of might
 x - a potion of magic {unknown}
 z - 2 potions of flight
 C - a potion of resistance
 M - a potion of brilliance


   Skills:
 - Level 2.0 Fighting
 - Level 10.0 Short Blades
 + Level 9.3 Dodging
 + Level 14.2 Stealth
 - Level 5.0 Spellcasting
 - Level 10.0 Hexes
 + Level 4.4 Invocations


You had 15 spell levels left.
You knew the following spells:

 Your Spells              Type           Power      Damage    Failure   Level
a - Ensorcelled Hibernat  Hex/Ice        52%        N/A       3%          2
b - Tukima's Dance        Hex            47%        N/A       1%          3

Your spell library contained the following spells:

 Spells                   Type           Power      Damage    Failure   Level
 Confusing Touch          Hex            47%        N/A       1%          3
 Dazzling Flash           Conj/Hex       52%        N/A       8%          3
 Beastly Appendage        Tmut           10%        N/A       19%         1
 Wereblood                Tmut           5%         N/A       28%         2
 Frozen Ramparts          Ice            10%        1d3       50%         3
 Spider Form              Tmut/Pois      5%         N/A       50%         3
 Silence                  Hex/Air        13%        N/A       56%         5
 Ice Form                 Ice/Tmut       5%         N/A       88%         4
 Summon Ice Beast         Ice/Summ       5%         N/A       88%         4
 Agony                    Necr           5%         N/A       99%         5


Dungeon Overview and Level Annotations

Branches:
Dungeon (11/15)            Temple (1/1) D:7            Lair (0/6) D:8
    Orc: D:9-12

Altars:
Ashenzari
Cheibriados
Dithmenos
Elyvilon
Fedhas
Gozag
Hepliaklqana
Kikubaaqudgha
Makhleb
Nemelex Xobeh
Okawaru
Qazlal
Ru
Sif Muna
Trog
Uskayaw
Vehumet
Wu Jian
Xom
Yredelemnul
Zin
The Shining One
Beogh

Shops:
D:4 =

Annotations:
D:4 1 runed translucent door, ziggurnaut's ghost, amateur KoAM
D:10 3 runed translucent doors, testman's ghost, journeyman TeAE


Innate Abilities, Weirdness & Mutations

You are very small and have problems with some larger weapons.
You are too small for most types of armour.
You have supernaturally acute eyesight. (SInv)
You cover ground extremely quickly. (Speed+++)


Message History

Casting: Ensorcelled Hibernation (safe; 3% risk of failure)
Confirm with . or Enter, or press ? or * to list all spells.
Aiming: Ensorcelled Hibernation (safe; 3% risk of failure)
Press: ? - help, Shift-Dir - straight line, f - deep elf pyromancer
Aim: a deep elf pyromancer, wielding a +2 vampiric long sword and wearing a +0 leather armour (umbra, not susceptible)
The deep elf pyromancer is unaffected.
The fire elemental completely misses you. x2
The deep elf pyromancer hits you with a +2 vampiric long sword.
The fire elemental completely misses you.
The fire elemental misses you.
Casting: Ensorcelled Hibernation (safe; 3% risk of failure)
Confirm with . or Enter, or press ? or * to list all spells.
Aiming: Ensorcelled Hibernation (safe; 3% risk of failure)
Press: ? - help, Shift-Dir - straight line, f/p - deep elf pyromancer
Aim: a deep elf pyromancer, wielding a +2 vampiric long sword and wearing a +0 leather armour (umbra, not susceptible)
The deep elf pyromancer is unaffected.
The fire elemental closely misses you. The fire elemental hits you.
The fire elemental burns you! The deep elf pyromancer misses you.
Casting: Ensorcelled Hibernation (safe; 3% risk of failure)
Confirm with . or Enter, or press ? or * to list all spells.
Aiming: Ensorcelled Hibernation (safe; 3% risk of failure)
Press: ? - help, Shift-Dir - straight line, f/p - deep elf pyromancer
Aim: a deep elf pyromancer, wielding a +2 vampiric long sword and wearing a +0 leather armour (umbra, not susceptible)
The deep elf pyromancer is unaffected.
The fire elemental completely misses you.
The fire elemental closely misses you.
The deep elf pyromancer closely misses you.
Found a scroll of brand weapon.
The deep elf pyromancer gestures wildly while chanting.
The fire elemental disappears in a puff of smoke!
The fire elemental closely misses you.
The fire elemental completely misses you.
The deep elf pyromancer casts a spell at you.
The bolt of fire hits the fire elemental.
The fire elemental completely resists.
The bolt of fire hits you!!
* * * LOW HITPOINT WARNING * * *
The deep elf pyromancer gestures at you while chanting.
The bolt of fire hits the fire elemental.
The fire elemental completely resists.
The bolt of fire hits you!!
You die...

...................#
#....................#
#######....................###
.........................#....
?............................
#....................#...#..
#............)..............
#......................#..(.
#.......E..@.<..............
#.....○☼.E..................
#....°e.○...................
#...°.○E....................
#.?.○°°.....................
######...........................
.................................
..............>..................
.............................†...


You could see a deep elf pyromancer and 3 fire elementals.

Vanquished Creatures
  A two-headed ogre (D:11)
  A cyclops (D:11)
  A gargoyle (D:11)
  Maggie (D:6)
  A troll (D:10)
  A hornet (D:10)
  Sigmund (D:3)
  A shadow (D:10)
  14 yaks
  A vampire (D:10)
  A wyvern (D:8)
  A steam dragon (D:7)
  3 orc warriors
  A sky beast (D:8)
  3 black bears
  4 centaurs
  An ogre (D:5)
  A phantom (D:5)
  3 necrophages
  5 bullfrogs (D:8)
  5 scorpions
  2 gnoll sergeants
  17 wights
  5 killer bees (D:11)
  3 howler monkeys (D:8)
  7 hounds
  4 orc priests
  2 jellies
  2 iguanas
  9 orc wizards
  Terence (D:2)
  Robin (D:3)
  4 adders
  16 gnolls
  A shadow imp (D:7)
  A white imp (D:6)
  3 ufetubi
  2 worms
  A dart slug (D:3)
  31 orcs
  3 ball pythons
  2 endoplasms (D:2)
  6 giant cockroaches
  7 hobgoblins
  3 jackals
  10 kobolds
  4 quokkas
  7 bats
  7 frilled lizards
  11 goblins
  7 rats
230 creatures vanquished.

Vanquished Creatures (collateral kills)
  2 wights (D:4)
  A gnoll (D:10)
3 creatures vanquished.

Vanquished Creatures (others)
  2 dancing weapons (D:8)
  3 fungi (D:8)
  6 plants
11 creatures vanquished.

Grand Total: 244 creatures vanquished

Notes
Turn   | Place    | Note
-------+----------+-------------------------------------------
     0 | D:1      | YayAnonymity the Spriggan Enchanter began the quest for the
                  | Orb.
     0 | D:1      | Reached XP level 1. HP: 9/9 MP: 5/5
   555 | D:1      | Reached XP level 2. HP: 6/13 MP: 6/6
   558 | D:1      | Learned a level 2 spell: Ensorcelled Hibernation
  1361 | D:1      | Reached skill level 5 in Stealth
  1361 | D:1      | Reached XP level 3. HP: 16/16 MP: 8/8
  2046 | D:2      | Reached XP level 4. HP: 20/21 MP: 9/9
  2239 | D:2      | Reached skill level 5 in Hexes
  2310 | D:2      | Found a faded altar of an unknown god.
  2765 | D:2      | Noticed Terence
  2773 | D:2      | Killed Terence
  3301 | D:3      | Noticed Robin
  3346 | D:3      | Killed Robin
  3436 | D:3      | Reached skill level 6 in Stealth
  3436 | D:3      | Reached XP level 5. HP: 24/24 MP: 7/10
  3542 | D:3      | Noticed Sigmund
  3686 | D:3      | Killed Sigmund
  3687 | D:3      | Reached skill level 7 in Stealth
  3687 | D:3      | Reached XP level 6. HP: 28/28 MP: 6/11
  4185 | D:4      | Reached skill level 5 in Short Blades
  4193 | D:4      | HP: 1/28 [gnoll/+0 halberd (3)]
  4887 | D:4      | Found Uzikhiry's Jewellery Shoppe.
  5187 | D:4      | Reached XP level 7. HP: 32/32 MP: 12/12
  5230 | D:4      | Reached skill level 8 in Stealth
  5492 | D:4      | Learned a level 3 spell: Tukima's Dance
  5968 | D:4      | Found a runed translucent door.
  5968 | D:4      | Noticed ziggurnaut's ghost (amateur KoAM)
  6417 | D:4      | Found an ancient bone altar of Kikubaaqudgha.
  6924 | D:5      | Entered Level 5 of the Dungeon
  7220 | D:5      | Reached skill level 9 in Stealth
  7220 | D:5      | Reached XP level 8. HP: 28/36 MP: 1/13
  8442 | D:6      | Reached skill level 10 in Stealth
  8944 | D:6      | Reached skill level 10 in Short Blades
  8982 | D:6      | Reached XP level 9. HP: 40/40 MP: 14/14
  9213 | D:6      | Noticed Maggie
  9230 | D:6      | Killed Maggie
  9231 | D:6      | Reached skill level 1 in Fighting
  9836 | D:7      | Found a radiant altar of Vehumet.
 10089 | D:7      | Found a staircase to the Ecumenical Temple.
 10098 | Temple   | Entered the Ecumenical Temple
 10118 | Temple   | Became a worshipper of Dithmenos the Shadowed
 10717 | D:8      | Reached skill level 11 in Stealth
 10881 | D:8      | Reached skill level 5 in Dodging
 10886 | D:8      | Reached skill level 5 in Spellcasting
 11087 | D:8      | Found a staircase to the Lair.
 11582 | D:8      | Reached XP level 10. HP: 43/46 MP: 9/18
 11586 | D:8      | Reached skill level 12 in Stealth
 11801 | D:9      | You fall into a shaft and drop 2 floors!
 11801 | D:11     | Noticed a cyclops
 11801 | D:11     | Found a frozen archway.
 11802 | D:11     | Noticed a gargoyle
 11812 | D:11     | Killed a gargoyle
 11815 | D:10     | Entered Level 10 of the Dungeon
 11940 | D:9      | Reached * piety under Dithmenos
 12624 | D:9      | Reached skill level 1 in Invocations
 13165 | D:10     | Reached skill level 13 in Stealth
 13380 | D:10     | Found a stormy altar of Qazlal.
 13380 | D:10     | Found a bloodstained altar of Trog.
 13412 | D:10     | Reached ** piety under Dithmenos
 13516 | D:10     | Found a runed translucent gate.
 13516 | D:10     | Found a runed translucent gate.
 13516 | D:10     | Found a runed translucent gate.
 13521 | D:10     | Noticed testman's ghost (journeyman TeAE)
 13557 | D:10     | Found a glowing golden altar of the Shining One.
 13563 | D:10     | Found a basalt altar of Yredelemnul.
 13566 | D:10     | Noticed a profane servitor
 13781 | D:10     | Noticed an angel
 13883 | D:11     | Killed a cyclops
 13884 | D:11     | Reached XP level 11. HP: 32/50 MP: 14/19
 14005 | D:11     | Reached skill level 14 in Stealth
 14080 | D:11     | Reached skill level 10 in Hexes
 14103 | D:11     | Noticed a two-headed ogre
 14110 | D:11     | Killed a two-headed ogre
 14164 | D:11     | Noticed a deep elf pyromancer
 14184 | D:11     | Killed from afar by a deep elf pyromancer

Illustrated notes

Levels and vault maps discovered:
D:1:      dpeg_arrival_more_subterranean_lakeside_camping, layout_basic,
          grunt_decor_fettered, minmay_box_of_dots
D:2:      layout_basic, ebering_ecumenical_altar_mist, minmay_circle_x,
          uniq_terence
D:3:      layout_basic, uniq_sigmund, uniq_robin
D:4:      layout_basic, mainiacjoe_overflow_24_doors,
          hellmonk_ghost_happy_afterlife, chequers_big_river,
          kennysheep_windowed_goal
D:5:      layout_basic, lightli_corner_chamber
D:6:      layout_loops_cross, uniq_maggie
D:7:      layout_basic, vehumet_altar_wand_db, temple_fountains
D:8:      layout_basic, grunt_lair_entry_orc_guard_hut
D:9:      layout_basic
D:10:     nicolae_cairo_tiling_very_big, layout_cave_pools,
          jmf_multi_god_temple, grunt_temple_overflow_holy_war,
          biasface_ghost_orc_armoury
D:11:     layout_long_grid, gauntlet_entry_generic,
          portal_ice_cave_entry_pillars_1
Temple:   lightli_temple_of_artemis

Skill      XL: |  1  2  3  4  5  6  7  8  9 10 11 |
---------------+----------------------------------+-----
Hexes          | 4 5 6 8 9 10 | 10.0
Stealth        | 5 6 7 9 10 11 13 14 | 14.2
Short Blades   | 2 3 4 5 7 10 | 10.0
Spellcasting   | 3 5 |  5.0
Dodging        | 3 6 8 9 |  9.3
Fighting       | 2 |  2.0
Invocations    | 3 4 |  4.4

Action                   |  1- 3 |  4- 6 |  7- 9 | 10-12 || total
-------------------------+-------+-------+-------+-------++-------
Melee: Dagger            |   119 |   135 |   239 |   122 ||   615
       Punch             |     1 |     1 |     3 |     6 ||    11
       Whip              |       |       |    27 |       ||    27
       Falchion          |       |       |    10 |    17 ||    27
Throw: Stone             |    16 |     3 |    34 |       ||    53
       Boomerang         |       |     3 |    37 |       ||    40
       Dart              |       |       |     1 |       ||     1
 Cast: Ensorcelled Hiber |    20 |    51 |    64 |    52 ||   187
       Tukima's Dance    |       |       |     5 |     9 ||    14
  Use: Scroll            |       |     3 |    20 |     3 ||    26
 Stab: Distracted        |     1 |       |       |     1 ||     2
       Sleeping          |    13 |    41 |    54 |    43 ||   151
Armor: Robe              |    28 |    12 |    25 |       ||    65
       Acid dragon scale |       |       |    15 |    10 ||    25
       Troll leather arm |       |       |       |     2 ||     2
Dodge: Dodged            |   116 |    93 |   158 |    73 ||   440

Table legend: (Time is in decaauts)
 A = Elapsed time spent in this place.
 B = Non-inter-level travel time spent in this place.
 C = Inter-level travel time spent in this place.
 D = Time resting spent in this place.
 E = Time spent auto-exploring this place.
 F = Levels seen in this place.
 G = Mean time per level.
                   A        B        C        D        E       F      G
               +--------+--------+--------+--------+--------+-----+--------+
         Total |  10842 |  10294 |    548 |    890 |   6749 |  12 |  903.5 |
       Dungeon |  10776 |  10234 |    542 |    890 |   6703 |  11 |  979.6 |
        Temple |     66 |     60 |      6 |      0 |     46 |   1 |   66.0 |
               +--------+--------+--------+--------+--------+-----+--------+

Top non-repeatable levels by time:
     D:4: 2047 daAuts
     D:1: 1337 daAuts
     D:5: 1183 daAuts
     D:3: 1011 daAuts
     D:2: 996 daAuts
     D:6: 939 daAuts
    D:10: 879 daAuts
     D:8: 832 daAuts
     D:9: 702 daAuts
     D:7: 612 daAuts
    D:11: 234 daAuts
  Temple: 66 daAuts
